 Dungeon Crawl Stone Soup version 0.29-a0-582-ge82337ba6a (webtiles) character file.

Game seed: 10355582509808416205

24689 HoaS the Grappler (level 12, -1/126 HPs)
             Began as a Troll Gladiator on June 14, 2022.
             Was the Champion of Okawaru.
             Slain by an elephant (6 damage)
             ... while petrified by a catoblepas
             ... on level 4 of the Lair of Beasts.
             The game lasted 00:27:29 (15252 turns).

HoaS the Grappler (Troll Gladiator)                Turns: 15252, Time: 00:27:30

Health: -1/126     AC: 11    Str: 31    XL:     12   Next: 82%
Magic:  14/14      EV:  1    Int:  4    God:    Okawaru [******]
Gold:   957        SH:  0    Dex: 15    Spells: 11/11 levels left

rFire   . . .      SeeInvis .     - Unarmed
rCold   . . .      Faith    .   (no shield)
rNeg    + + +      Spirit   .   n - +0 steam dragon scales
rPois   ∞          Reflect  .   b - +1 hat
rElec   .          Harm     .   s - +2 cloak
rCorr   .          Rampage  .   (gloves unavailable)
Will    .....                   (boots unavailable)
Stlth   +.........              r - amulet of the acrobat
HPRegen 1.11/turn               f - +6 ring of strength
MPRegen 0.14/turn               B - +4 ring of evasion

@: petrified
A: large, unfitting armour, claws 3, regeneration 1, shaggy fur 1, tough skin 1
a: Renounce Religion, Heroism, Finesse, Duel


You were on level 4 of the Lair of Beasts.
You worshipped Okawaru.
Okawaru was exalted by your worship.
You visited 4 branches of the dungeon, and saw 17 of its levels.

You collected 957 gold pieces.

Inventory:

Missiles
 c - 6 throwing nets
 g - 4 large rocks
 A - 6 silver boomerangs
 F - 3 boomerangs
 G - 17 javelins (quivered)
Armour
 b - a +1 hat (worn)
 n - +0 steam dragon scales (worn)
 s - a +2 cloak (worn)
Jewellery
 f - a +6 ring of strength (left claw)
 r - an amulet of the acrobat (around neck)
 B - a +4 ring of evasion (right claw)
 D - a ring of flight
Wands
 h - a wand of flame (63)
 v - a wand of paralysis (8)
 w - a wand of mindburst (10)
Scrolls
 j - 4 scrolls of fog
 l - a scroll of magic mapping
 x - a scroll of poison
 y - a scroll of blinking
 I - a scroll of fear
Potions
 a - a potion of mutation
 d - 5 potions of ambrosia
 e - 6 potions of haste
 i - 2 potions of might
 k - 6 potions of curing
 m - a potion of flight
 o - 5 potions of lignification
 q - 2 potions of invisibility
 t - 3 potions of resistance
 u - a potion of attraction {unknown}
 z - a potion of berserk rage {unknown}
 C - a potion of cancellation {unknown}
 E - a potion of heal wounds


   Skills:
 * Level 10.1 Fighting
 + Level 5.2 Throwing
 * Level 10.0 Dodging
 * Level 13.0 Unarmed Combat
 + Level 4.4 Invocations


You had 11 spell levels left.
You didn't know any spells.
Your spell library contained the following spells:

 Spells                   Type           Power      Damage    Failure   Level
 Apportation              Tloc           0%         N/A       50%         1
 Foxfire                  Conj/Fire      0%         2x1d4     50%         1
 Freeze                   Ice            0%         1d3       50%         1
 Sublimation of Blood     Necr           0%         N/A       65%         2
 Wereblood                Tmut           0%         N/A       65%         2
 Conjure Flame            Conj/Fire      0%         6-21      86%         3
 Dazzling Flash           Conj/Hex       0%         N/A       86%         3
 Frozen Ramparts          Ice            0%         1d2       86%         3
 Inner Flame              Hex/Fire       0%         N/A       86%         3
 Flame Wave               Conj/Fire      0%         2d4       99%         4
 Hailstorm                Conj/Ice       0%         3d3       99%         4
 Agony                    Necr           0%         N/A       100%        5
 Alistair's Intoxication  Tmut/Pois      0%         N/A       100%        5
 Silence                  Hex/Air        0%         N/A       100%        5
 Summon Hydra             Summ           Unusable   N/A       N/A         7

Dungeon Overview and Level Annotations

Branches:
Dungeon (11/15)            Temple (1/1) D:4            Lair (4/6) D:11
  Swamp (0/4) Lair:2       Spider (0/4) Lair:3          Orc (1/2) D:11

Altars:
Ashenzari
Cheibriados
Dithmenos
Elyvilon
Fedhas
Gozag
Hepliaklqana
Kikubaaqudgha
Makhleb
Nemelex Xobeh
Okawaru
Qazlal
Ru
Sif Muna
Trog
Uskayaw
Vehumet
Wu Jian
Xom
Yredelemnul
Zin
The Shining One

Shops:
D:9 (

Portals:
Trove: D:11 (give 9 potions of haste)

Annotations:
Orc:1 Gastronok


Innate Abilities, Weirdness & Mutations

You are too large for most types of armour.
You have claws for hands.
Your natural rate of healing is unusually fast.
You are covered in fur. (AC +1)
You have tough skin. (AC +1)


Message History

The elephant tramples you.
You hold your ground!
The elephant trunk-slaps you but does no damage.
The elephant tramples you but does no damage.
The elephant trunk-slaps you but does no damage.
The wolf bites you but does no damage. x3
The wolf barely misses you. The wolf bites you but does no damage.
The wolf barely misses you. The elephant tramples you!
* * * LOW HITPOINT WARNING * * *
You hold your ground!
The elephant trunk-slaps you but does no damage.
The elephant tramples you!
* * * LOW HITPOINT WARNING * * *
You hold your ground!
The elephant trunk-slaps you.
* * * LOW HITPOINT WARNING * * *
The elephant tramples you but does no damage.
The elephant trunk-slaps you but does no damage.
The elephant tramples you!
* * * LOW HITPOINT WARNING * * *
You hold your ground!
The elephant trunk-slaps you but does no damage.
The wolf bites you.
* * * LOW HITPOINT WARNING * * *
The wolf bites you but does no damage. x3; The wolf bites you!
* * * LOW HITPOINT WARNING * * *
The wolf bites you but does no damage.
The elephant tramples you but does no damage.
The elephant trunk-slaps you. The elephant tramples you.
* * * LOW HITPOINT WARNING * * *
You hold your ground!
The elephant trunk-slaps you but does no damage.
The elephant tramples you.
* * * LOW HITPOINT WARNING * * *
You hold your ground!
The elephant trunk-slaps you but does no damage.
The elephant tramples you!
* * * LOW HITPOINT WARNING * * *
You hold your ground!
The elephant trunk-slaps you but does no damage.
The wolf bites you but does no damage. x3; The elephant tramples you!
You die...

#####
####.Yh#######
#...hY@hh.....
#.(..YYh......
#......h.......
#..............
#..............
##(....<.......
#.............
#..?......?....
###########.##P


You could see 4 elephants and 6 wolves.

Vanquished Creatures
  3 hydras
  Erica (D:8)
  A two-headed ogre (D:11)
  Urug (D:11)
  A bog body (Lair:2)
  A manticore (D:10)
  4 black mambas
  2 kobold demonologists (D:11)
  7 cane toads
  5 komodo dragons
  An unseen horror (D:11)
  2 rime drakes
  Maggie (D:8)
  A queen bee (D:11)
  A troll (D:11)
  A polar bear (shapeshifter) (D:11)
  4 polar bears
  Prince Ribbit (D:8)
  6 dream sheep (Lair:3)
  Sigmund (D:2)
  A shadow (D:10)
  20 yaks
  A wraith (D:10)
  4 basilisks
  2 steam dragons
  A wyvern (Lair:3)
  Menkaure (D:6)
  A warg (D:11)
  3 acid dragons
  8 water moccasins
  Duvessa (D:6)
  4 black bears
  7 orc warriors
  3 ogres
  A wolf (Lair:3)
  3 centaurs
  A phantom (D:7)
  3 kobold brigands
  15 bullfrogs
  A necrophage (D:5)
  6 scorpions
  Dowan (D:6)
  25 killer bees
  5 howler monkeys
  4 electric eels (D:11)
  Crazy Yiuf (D:6)
  4 hounds
  2 gnoll shamans
  4 orc priests
  An iguana (D:5)
  11 orc wizards
  9 gnolls
  10 adders
  2 shadow imps
  A white imp (D:7)
  4 worms
  A dart slug (D:1)
  28 orcs
  9 ball pythons
  5 bats
  5 endoplasms
  4 giant cockroaches
  5 goblins
  6 hobgoblins
  3 jackals (D:4)
  12 kobolds
  2 quokkas
  A frilled lizard (D:1)
  5 rats
302 creatures vanquished.

Vanquished Creatures (others)
  46 fungi
  54 plants
100 creatures vanquished.

Grand Total: 402 creatures vanquished

Notes
Turn   | Place    | Note
-------+----------+-------------------------------------------
     0 | D:1      | HoaS the Troll Gladiator began the quest for the Orb.
     0 | D:1      | Reached XP level 1. HP: 19/19 MP: 0/0
   160 | D:1      | Found a faded altar of an unknown god.
   303 | D:1      | Reached XP level 2. HP: 21/27 MP: 1/1
   843 | D:2      | Noticed Sigmund
   853 | D:1      | Reached skill level 4 in Unarmed Combat
   962 | D:2      | Reached XP level 3. HP: 33/33 MP: 2/2
  1240 | D:2      | Killed Sigmund
  1241 | D:2      | Reached skill level 6 in Unarmed Combat
  1241 | D:2      | Reached XP level 4. HP: 26/42 MP: 3/3
  1241 | D:2      | Reached XP level 5. HP: 30/49 MP: 4/4
  1667 | D:3      | Reached XP level 6. HP: 57/57 MP: 5/5
  2485 | D:4      | Reached XP level 7. HP: 40/67 MP: 2/6
  2594 | D:4      | Found a staircase to the Ecumenical Temple.
  2612 | Temple   | Entered the Ecumenical Temple
  2820 | Temple   | Became a worshipper of Warmaster Okawaru
  3337 | D:5      | Entered Level 5 of the Dungeon
  3649 | D:5      | Reached skill level 1 in Invocations
  3965 | D:5      | Reached XP level 8. HP: 78/79 MP: 5/7
  4107 | D:6      | Noticed Menkaure
  4730 | D:6      | Killed Menkaure
  4929 | D:6      | Reached * piety under Okawaru
  4933 | D:6      | Reached skill level 5 in Dodging
  4956 | D:6      | Noticed Dowan
  4986 | D:6      | Killed Dowan
  4987 | D:6      | Reached skill level 7 in Unarmed Combat
  5012 | D:6      | Noticed Duvessa
  5026 | D:6      | Killed Duvessa
  5027 | D:6      | Reached skill level 5 in Fighting
  5529 | D:6      | Found a runed translucent door.
  5530 | D:6      | Noticed Crazy Yiuf
  5539 | D:6      | Killed Crazy Yiuf
  5844 | D:6      | Reached XP level 9. HP: 30/84 MP: 5/9
  6136 | D:7      | Reached ** piety under Okawaru
  6655 | D:7      | Reached skill level 8 in Unarmed Combat
  6810 | D:8      | Noticed Prince Ribbit
  6812 | D:8      | Noticed Erica
  7000 | D:8      | Killed Prince Ribbit
  7158 | D:8      | Noticed Maggie
  7166 | D:8      | Killed Maggie
  7166 | D:8      | Reached *** piety under Okawaru
  7246 | D:8      | Killed Erica
  7247 | D:8      | Reached XP level 10. HP: 100/100 MP: 8/11
  7638 | D:9      | Noticed a five-headed hydra
  7770 | D:9      | Paralysed by a hornet for 1 turns
  8075 | D:9      | Found Uxkoaxzuxt's Weapon Emporium.
  8221 | D:9      | Found a stormy altar of Qazlal.
  8596 | D:10     | Entered Level 10 of the Dungeon
  8661 | D:10     | Reached skill level 9 in Unarmed Combat
  8682 | D:10     | Noticed a manticore
  8695 | D:10     | Killed a manticore
  8695 | D:10     | Reached **** piety under Okawaru
  9497 | D:11     | Reached ***** piety under Okawaru
  9546 | D:11     | Noticed a four-headed hydra
  9635 | D:11     | Noticed Urug
  9652 | D:11     | Killed Urug
  9652 | D:11     | Received a gift from Okawaru
  9653 | D:11     | Reached skill level 10 in Unarmed Combat
 10269 | D:11     | Found a portal to a secret trove of treasure.
 10296 | D:11     | Noticed a two-headed ogre
 10303 | D:11     | Killed a two-headed ogre
 10303 | D:11     | Identified the +1 robe "Byatt" {rN+ Str+4 Stlth+} (Okawaru
                  | gifted it to you on level 11 of the Dungeon)
 10303 | D:11     | Received a gift from Okawaru
 10304 | D:11     | Reached XP level 11. HP: 87/111 MP: 12/12
 10617 | D:11     | Found a staircase to the Lair.
 10667 | D:11     | HP: 1/113 [four-headed hydra (7)]
 10679 | D:11     | Killed a four-headed hydra
 11106 | D:11     | Reached skill level 11 in Unarmed Combat
 11424 | D:11     | Found a staircase to the Orcish Mines.
 11474 | Orc:1    | Entered Level 1 of the Orcish Mines
 11478 | Orc:1    | Noticed an orc high priest
 11480 | Orc:1    | Noticed Gastronok
 11481 | Orc:1    | Noticed a sun demon
 11554 | Lair:1   | Entered Level 1 of the Lair of Beasts
 11816 | Lair:1   | Reached skill level 12 in Unarmed Combat
 12071 | Lair:1   | Received a gift from Okawaru
 12738 | Lair:2   | Reached XP level 12. HP: 118/123 MP: 13/13
 13132 | Lair:2   | Found a staircase to the Swamp.
 13538 | Lair:3   | Found a hole to the Spider Nest.
 13660 | Lair:3   | Noticed a seven-headed hydra
 13671 | Lair:3   | Killed a seven-headed hydra
 13756 | Lair:3   | Reached ****** piety under Okawaru
 13934 | Lair:3   | Noticed a five-headed hydra
 13942 | Lair:3   | Killed a five-headed hydra
 13943 | Lair:3   | Reached skill level 5 in Throwing
 14802 | Lair:3   | Reached skill level 10 in Fighting
 15158 | Lair:4   | Reached skill level 10 in Dodging
 15168 | Lair:4   | Reached skill level 13 in Unarmed Combat
 15199 | Lair:4   | Received a gift from Okawaru
 15226 | Lair:4   | Noticed a catoblepas
 15251 | Lair:4   | HP: 4/126 [elephant (6)]
 15252 | Lair:4   | Slain by an elephant

Illustrated notes

Levels and vault maps discovered:
D:1:      saegor_arrival_simple_c, layout_loops_corners,
          hellmonk_ecumenical_altar_lost_god
D:2:      layout_rooms, minmay_cupped, uniq_sigmund
D:3:      minmay_general_purpose_star, layout_loops_ring,
          kennysheep_generic_room_5
D:4:      layout_loops_ring, minmay_temple_entry_statues_fountains
D:5:      layout_gridville, serial_park_tiny_pond, dk_noncrumbling_3,
          minmay_fountain_box, kennysheep_generic_room_2
D:6:      layout_rooms, st_stairs_9, uniq_duvessa, uniq_menkaure,
          uniq_crazy_yiuf_cottage
D:7:      layout_gridville
D:8:      layout_cave_pods, uniq_erica, uniq_prince_ribbit1, uniq_maggie
D:9:      layout_long_grid, mainiacjoe_overflow_alcove_1, serial_shops, shop
D:10:     layout_loops_ring, minmay_misc_feat_nine_boxes
D:11:     layout_basic, due_lair_maze_entry_diamond, david_orc_4, special_room
          [special_room_bee], nicolae_trove_entry_free_sample, uniq_urug
Temple:   mainiacjoe_temple_archimedes_tessellation
Lair:1:   layout_cave_pods, small_statue_intersection,
          infiniplex_staircase_pool_2, serial_bayou_shore_a, grunt_megastairs_2
Lair:2:   layout_cave_pods, skrybe_swamp_entry_bodies,
          small_statue_intersection, cheibrodos_lair_lostbears
Lair:3:   nzn_winding_woodlands_medium [nzn_winding_woodlands_5x5_perimeter,
          nzn_winding_woodlands_5x15_lazy_stream,
          nzn_winding_woodlands_5x5_closed_star,
          nzn_winding_woodlands_5x5_three,
          nzn_winding_woodlands_center_triple_pond,
          nzn_winding_woodlands_5x5_checkerboard,
          nzn_winding_woodlands_hourglass, nzn_winding_woodlands_5x15_pockets,
          nzn_winding_woodlands_5x5_open_star], layout_chaotic_city,
          spider_nest_entry_web_field, infiniplex_staircase_pool
Lair:4:   layout_big_grid
Orc:1:    layout_diamond_mine, okawaru_metal_pillars_1_2, uniq_gastronok

Skill      XL: |  1  2  3  4  5  6  7  8  9 10 11 12 |
---------------+-------------------------------------+-----
Unarmed Combat | 4 6 7 8 10 12 13 | 13.0
Throwing       | 2 3 4 5 |  5.2
Fighting       | 2 3 4 5 6 8 9 10 | 10.1
Dodging        | 3 4 5 6 8 9 10 | 10.0
Invocations    | 1 2 3 4 |  4.4

Action                   |  1- 3 |  4- 6 |  7- 9 | 10-12 || total
-------------------------+-------+-------+-------+-------++-------
Melee: Unarmed           |    69 |    70 |   286 |   522 ||   947
       Punch             |     2 |     3 |    18 |    46 ||    69
Throw: Throwing net      |     2 |       |       |     5 ||     7
       Large rock        |       |       |       |    12 ||    12
Invok: Heroism           |       |       |     3 |     3 ||     6
Evoke: Wand              |       |       |    14 |     9 ||    23
  Use: Scroll            |     3 |     7 |     4 |    14 ||    28
       Potion            |       |       |     1 |     4 ||     5
 Stab: Sleeping          |       |     2 |       |     1 ||     3
       Held in net/web   |       |       |       |     1 ||     1
       Petrifying        |       |       |       |     1 ||     1
Armor: Robe              |    26 |    14 |    75 |       ||   115
       Steam dragon scal |       |       |       |   232 ||   232
Dodge: Dodged            |    24 |    41 |   156 |   445 ||   666

Table legend: (Time is in decaauts)
 A = Elapsed time spent in this place.
 B = Non-inter-level travel time spent in this place.
 C = Inter-level travel time spent in this place.
 D = Time resting spent in this place.
 E = Time spent auto-exploring this place.
 F = Levels seen in this place.
 G = Mean time per level.
                   A        B        C        D        E       F      G
               +--------+--------+--------+--------+--------+-----+--------+
         Total |  15219 |  13922 |   1297 |   3413 |   8044 |  17 |  895.2 |
       Dungeon |  11685 |  10688 |    997 |   2946 |   5859 |  11 | 1062.3 |
        Temple |    228 |    204 |     24 |      0 |    184 |   1 |  228.0 |
          Lair |   3294 |   3018 |    276 |    467 |   2001 |   4 |  823.5 |
  Orcish Mines |     10 |     10 |      0 |      0 |      0 |   1 |   10.0 |
               +--------+--------+--------+--------+--------+-----+--------+

Top non-repeatable levels by time:
    D:11: 2130 daAuts
     D:8: 1447 daAuts
     D:5: 1357 daAuts
  Lair:1: 1221 daAuts
     D:6: 1135 daAuts
     D:1: 1080 daAuts
  Lair:3: 1050 daAuts
     D:7: 939 daAuts
    D:10: 936 daAuts
  Lair:2: 929 daAuts
     D:3: 847 daAuts
     D:4: 787 daAuts
     D:9: 574 daAuts
     D:2: 448 daAuts
  Temple: 228 daAuts
